 Dungeon Crawl Stone Soup version 0.21.0-3-g78d12a8 (webtiles) character file.

78 manyhoops the Magician (level 4, -3/38 HPs)
             Began as a Gnoll Wanderer on Jan 11, 2018.
             Killed from afar by an orc wizard (8 damage)
             ... with a magic dart
             ... on level 3 of the Dungeon.
             The game lasted 00:03:43 (2058 turns).

manyhoops the Magician (Gnoll Wanderer)             Turns: 2058, Time: 00:03:43

Health: -3/38      AC:  5    Str: 17    XL:     4   Next: 36%
Magic:  1/11       EV: 11    Int: 13    God:
Gold:   78         SH:  0    Dex: 14    Spells: 1/13 levels left

rFire    . . .     SeeInvis .   c - +0 spear
rCold    . . .     Gourm    .   (no shield)
rNeg     . . .     Faith    .   h - +0 ring mail
rPois    .         Spirit   .   (no helmet)
rElec    .         Reflect  .   (no cloak)
rCorr    .         Harm     .   (no gloves)
MR       .....                  (no boots)
Stlth    +.........             (no amulet)
HPRegen  0.12/turn              (no ring)
MPRegen  0.12/turn              (no ring)

@: very slightly contaminated
A: distributed training, fangs 1, strong nose
a: no special abilities


You were on level 3 of the Dungeon.
You were very hungry.

You visited 1 branch of the dungeon, and saw 3 of its levels.

You collected 78 gold pieces.

Inventory:

Hand Weapons
 c - a +0 spear (weapon)
Armour
 d - a +0 robe
 h - a +0 ring mail (worn)
Scrolls
 g - a scroll of identify {unknown}
 j - a scroll of noise {unknown}
 k - a scroll of remove curse {unknown}
 m - a scroll of blinking {unknown}
 o - a scroll of teleportation {unknown}
 p - a scroll of magic mapping {unknown}
Potions
 e - a potion of brilliance {unknown}
 i - a potion of agility {unknown}
 n - a potion of lignification {unknown}
Books
 a - a book of Minor Magic

   Spells                             Type                      Level
   a - Magic Dart                     Conjuration                  1
   b - Blink                          Translocation                2
   c - Call Imp                       Summoning                    2
   d - Slow                           Hexes                        2
   e - Conjure Flame                  Conjuration/Fire             3
   f - Mephitic Cloud                 Conjuration/Poison/Air       3
 b - the Collected Works on Flight

   Spells                             Type                      Level
   a - Shock                          Conjuration/Air              1
   b - Static Discharge               Conjuration/Air              3
Comestibles
 f - 6 rations


   Skills:
 + Level 4.6 Fighting
 + Level 1.1 Short Blades
 + Level 1.1 Long Blades
 + Level 1.1 Axes
 + Level 1.1 Maces & Flails
 + Level 1.1 Polearms
 + Level 1.1 Staves
 + Level 1.1 Slings
 + Level 1.1 Bows
 + Level 1.1 Crossbows
 + Level 2.7 Throwing
 + Level 1.1 Armour
 + Level 1.1 Dodging
 + Level 2.5 Stealth
 + Level 1.1 Shields
 + Level 1.1 Unarmed Combat
 + Level 5.0 Spellcasting
 + Level 0.8 Conjurations
 + Level 0.8 Hexes
 + Level 0.8 Charms
 + Level 3.8 Summonings
 + Level 0.8 Necromancy
 + Level 0.8 Translocations
 + Level 0.8 Transmutations
 + Level 0.8 Fire Magic
 + Level 2.2 Ice Magic
 + Level 0.8 Air Magic
 + Level 0.8 Earth Magic
 + Level 0.8 Poison Magic
 + Level 1.2 Invocations
 + Level 2.7 Evocations


You had one spell level left.
You knew the following spells:

 Your Spells              Type           Power        Failure   Level  Hunger
a - Shock                 Conj/Air       #...         24%         1    None
b - Blink                 Tloc           N/A          36%         2    ##.....
c - Conjure Flame         Conj/Fire      #.......     58%         3    ###....
d - Static Discharge      Conj/Air       #.......     58%         3    ###....
e - Mephitic Cloud        Conj/Pois/Air  #.......     58%         3    ###....


Dungeon Overview and Level Annotations

Branches:
Dungeon (3/15)

Altars:


Innate Abilities, Weirdness & Mutations

Your experience applies equally to all skills.
You have very sharp teeth.
Your uncanny sense of smell can sniff out nearby items.


Message History

You see here a club.
The orc wizard hits you with a dagger.
* * * LOW HITPOINT WARNING * * *
Attack whom?
Press: ? - help, Dir - move target cursor, f/p - orc wizard
Aim: an orc wizard, wielding a dagger and wearing a robe (almost dead, fast)
You hit the orc wizard but do no damage.
The orc wizard is almost dead.
The orc wizard hits you but does no damage.
You barely miss the orc wizard.
The orc wizard is almost dead.
The orc wizard is no longer moving quickly.
The orc wizard points at you and mumbles some strange words.
The magic dart hits you!
The orc wizard hits you but does no damage.
You hit the orc wizard but do no damage.
The orc wizard is almost dead.
The orc wizard points at you and mumbles some strange words.
The magic dart hits you!
You die...

## # #. #.#
#.#.#.#. ##.#
#.#.#.#.# #.#.#
#.#.#!#.#.
#.#.#
.........#
#.#.#
........#'
#.#.#..........
#.#)#+#)......
∆#@#†#)#
#.#o<)#+
#.#.#.#.#
#.#.#+#.#..
#.#.. #.#..(
#'#.. #.....#
...... #...#.
..... ....#
.... ..#.


You could see an orc wizard.

Vanquished Creatures
  3 worms (D:2)
  2 dart slugs
  3 leopard geckos
  4 orcs (D:3)
  A ball python (D:1)
  9 bats
  3 giant cockroaches (D:2)
  6 goblins
  6 hobgoblins
  3 jackals (D:2)
  6 kobolds
  A quokka (D:2)
  5 frilled lizards
  4 rats
56 creatures vanquished.

Notes
Turn   | Place    | Note
-------+----------+-------------------------------------------
     0 | D:1      | manyhoops the Gnoll Wanderer began the quest for the Orb.
     0 | D:1      | manyhoops set off with: a book of Minor Magic, the Collected Works on Flight, a +0 spear, a +0 robe, a ration
     0 | D:1      | Reached XP level 1. HP: 20/20 MP: 6/6
     1 | D:1      | Identified the Collected Works on Flight
   148 | D:1      | Reached XP level 2. HP: 23/26 MP: 7/7
   738 | D:1      | Reached XP level 3. HP: 26/31 MP: 9/9
   809 | D:1      | Reached skill level 5 in Spellcasting
  1185 | D:2      | Reached skill level 1 in Invocations
  1293 | D:2      | Reached skill level 1 in Short Blades
  1293 | D:2      | Reached skill level 1 in Long Blades
  1293 | D:2      | Reached skill level 1 in Axes
  1293 | D:2      | Reached skill level 1 in Maces & Flails
  1293 | D:2      | Reached skill level 1 in Polearms
  1293 | D:2      | Reached skill level 1 in Staves
  1293 | D:2      | Reached skill level 1 in Slings
  1293 | D:2      | Reached skill level 1 in Bows
  1293 | D:2      | Reached skill level 1 in Crossbows
  1293 | D:2      | Reached skill level 1 in Armour
  1293 | D:2      | Reached skill level 1 in Dodging
  1293 | D:2      | Reached skill level 1 in Shields
  1293 | D:2      | Reached skill level 1 in Unarmed Combat
  1300 | D:2      | Learned a level 1 spell: Shock
  1303 | D:2      | Learned a level 2 spell: Blink
  1307 | D:2      | Learned a level 3 spell: Conjure Flame
  1311 | D:2      | Learned a level 3 spell: Static Discharge
  1315 | D:2      | Learned a level 3 spell: Mephitic Cloud
  1358 | D:2      | Reached XP level 4. HP: 12/38 MP: 1/11
  2042 | D:3      | HP: 1/38 [orc wizard/magic dart (9)]
  2058 | D:3      | Killed from afar by an orc wizard

Skill      XL: |  1  2  3 |
---------------+----------+-----
Ice Magic      | 2 |  2.2
Spellcasting   | 5 |  5.0
Invocations    | 1 |  1.2
Short Blades   | 1 |  1.1
Long Blades    | 1 |  1.1
Axes           | 1 |  1.1
Maces & Flails | 1 |  1.1
Polearms       | 1 |  1.1
Staves         | 1 |  1.1
Slings         | 1 |  1.1
Bows           | 1 |  1.1
Crossbows      | 1 |  1.1
Armour         | 1 |  1.1
Dodging        | 1 |  1.1
Shields        | 1 |  1.1
Unarmed Combat | 1 |  1.1
Fighting       | |  4.6
Throwing       | |  2.7
Stealth        | |  2.5
Conjurations   | |  0.8
Hexes          | |  0.8
Charms         | |  0.8
Summonings     | |  3.8
Necromancy     | |  0.8
Translocations | |  0.8
Transmutations | |  0.8
Fire Magic     | |  0.8
Air Magic      | |  0.8
Earth Magic    | |  0.8
Poison Magic   | |  0.8
Evocations     | |  2.7

Action                   |  1- 3 |  4- 6 || total
-------------------------+-------+-------++-------
Melee: Spear             |   212 |    56 ||   268
       Bite              |    18 |     5 ||    23
 Cast: Shock             |     8 |    12 ||    20
  Use: Potion            |       |     2 ||     2
 Stab: Sleeping          |     8 |     1 ||     9
  Eat: Chunk             |     2 |     1 ||     3
Armor: Robe              |    12 |       ||    12
       Ring mail         |    50 |    17 ||    67
Dodge: Dodged            |   122 |    27 ||   149
